 Dungeon Crawl Stone Soup version 0.23-a0-487-gc6253629db (webtiles) character file.

239 Napalmbreeze the Chopper (level 5, -2/70 HPs)
             Began as a Minotaur Berserker on Nov 30, 2018.
             Was a Priest of Trog.
             Killed by nerve-wracking pain
             ... invoked by a shadow imp
             ... summoned by Natasha
              (12 damage)
             ... on level 3 of the Dungeon on Dec 1, 2018.
             The game lasted 00:05:50 (2369 turns).

Napalmbreeze the Chopper (Minotaur Berserker)       Turns: 2369, Time: 00:05:51

Health: -2/70      AC:  6    Str: 27    XL:     5   Next: 79%
Magic:  4/4        EV:  9    Int:  4    God:    Trog [***...]
Gold:   79         SH:  9    Dex: 10    Spells: 4/4 levels left

rFire    . . .     SeeInvis .   a - +0 hand axe
rCold    . . .     Gourm    .   i - +0 shield
rNeg     . . .     Faith    .   l - +0 ring mail
rPois    .         Spirit   .   (helmet restricted)
rElec    .         Reflect  .   (no cloak)
rCorr    .         Harm     .   s - +0 pair of gloves
MR       .....                  (no boots)
Stlth    ..........             (no amulet)
HPRegen  0.21/turn              (no ring)
MPRegen  0.09/turn              (no ring)

@: berserking, very quick
A: retaliatory headbutt, horns 2
a: Berserk, Trog's Hand, Renounce Religion


You were on level 3 of the Dungeon.
You worshipped Trog.
Trog was most pleased with you.
You were hungry.

You visited 1 branch of the dungeon, and saw 3 of its levels.

You collected 79 gold pieces.

Inventory:

Hand Weapons
 a - a +0 hand axe (weapon)
 p - a +2 dagger of holy wrath
Armour
 i - a +0 shield (worn)
 l - a +0 ring mail (worn)
 s - a +0 pair of gloves (worn)
Jewellery
 m - an uncursed ring of protection from magic {unknown}
Wands
 b - a wand of digging (2)
Scrolls
 e - 4 scrolls of identify {unknown}
 h - a scroll of magic mapping {unknown}
 j - a scroll of random uselessness {unknown}
 n - a scroll of teleportation {unknown}
 r - a scroll of fear {unknown}
Potions
 d - a potion of flight {unknown}
 f - a potion of heal wounds {unknown}
 g - a potion of might {unknown}
 k - a potion of invisibility {unknown}
 o - a potion of brilliance {unknown}
 q - a potion of agility {unknown}
Comestibles
 c - 10 rations
 t - 4 chunks of flesh


   Skills:
 + Level 4.6 Fighting
 * Level 5.5 Axes
 + Level 3.6 Armour
 + Level 3.5 Dodging
 + Level 1.9 Shields


You had 4 spell levels left.
You didn't know any spells.
Your spell library was empty.

Dungeon Overview and Level Annotations

Branches:
Dungeon (3/15)

Altars:
Dithmenos
Makhleb

Annotations:
D:3 Natasha


Innate Abilities, Weirdness & Mutations

You reflexively headbutt those who attack you in melee.
You have a pair of horns on your head.


Message History

Natasha barely misses you.
You hit Natasha. Your headbutt misses Natasha.
Natasha is severely wounded.
You hit the shadow imp. The shadow imp gestures at you.
Pain shoots through your body! Natasha claws you.
You barely miss Natasha.
Natasha is severely wounded.
You completely miss the shadow imp. The shadow imp gestures at you.
Pain shoots through your body!
* * * LOW HITPOINT WARNING * * *
Natasha claws you.
* * * LOW HITPOINT WARNING * * *
A red film seems to cover your vision as you go berserk!
You feel yourself moving faster!
You feel mighty!
You are feeling hungry.
The shadow imp gestures at you. Pain shoots through your body!
You die...

#)#.# #........ #.#.#
#...##### #.# #...#
#.####...# #...##...#
.#..#)).# .# #..)..#
###.## ##....####.
##@h5.# #.....'....
###.5#.## ##.#..###..
####...## #
####...... #.....##
##..... #.###..####
####......
#.####..#.#
##.#.......
#....#.....
+..........
####.#.##.##
##.#.......
#.#.##..###..#.......


You could see Natasha, a crimson imp and a shadow imp.

Vanquished Creatures
  An orc priest (D:3)
  3 iron imps (D:3)
  An orc wizard (D:3)
  2 adders
  A worm (D:2)
  3 dart slugs
  A leopard gecko (D:1)
  5 orcs (D:3)
  3 giant cockroaches
  4 goblins
  9 hobgoblins
  6 jackals
  2 quokkas
  3 ball pythons
  10 bats
  4 frilled lizards
  9 kobolds
  5 rats
72 creatures vanquished.

Notes
Turn   | Place    | Note
-------+----------+-------------------------------------------
     0 | D:1      | Napalmbreeze the Minotaur Berserker began the quest for the
                  | Orb.
     0 | D:1      | Reached XP level 1. HP: 19/19 MP: 0/0
   328 | D:1      | Reached XP level 2. HP: 25/27 MP: 1/1
   393 | D:1      | Reached skill level 4 in Axes
   911 | D:1      | Reached XP level 3. HP: 25/33 MP: 2/2
  1029 | D:1      | Reached ** piety under Trog
  1361 | D:1      | Upgraded the game from 0.23-a0-483-g32a748b514 to
                  | 0.23-a0-487-gc6253629db
  1485 | D:2      | Found a faded altar of an unknown god.
  1574 | D:2      | Reached XP level 4. HP: 29/40 MP: 3/3
  1846 | D:3      | Found a shadowy altar of Dithmenos.
  2039 | D:3      | Found a burning altar of Makhleb.
  2052 | D:3      | Reached skill level 1 in Shields
  2056 | D:3      | Reached skill level 5 in Axes
  2056 | D:3      | Reached XP level 5. HP: 47/47 MP: 4/4
  2293 | D:3      | Reached *** piety under Trog
  2361 | D:3      | Noticed Natasha
  2369 | D:3      | Killed from afar by a shadow imp

Vault maps used:
D:1:      giann_wishing_wells
D:2:      chequers_ecumenical_altar_simple, nrook_loot_triangle
D:3:      nicolae_dithmenos_through_a_glass_darkly, demons_altar, first_ration,
          minmay_fractal_squares_gapless_5, uniq_natasha

Skill      XL: |  1  2  3  4 |
---------------+-------------+-----
Axes           | 4 5 |  5.5
Fighting       | 4 |  4.6
Armour         | 3 |  3.6
Dodging        | 3 |  3.5
Shields        | 1 |  1.9

Action                   |  1- 3 |  4- 6 || total
-------------------------+-------+-------++-------
Melee: Hand axe          |   114 |    51 ||   165
       Headbutt          |    15 |    10 ||    25
Invok: Berserk           |       |     3 ||     3
  Eat: Chunk             |     2 |     5 ||     7
Armor: Animal skin       |    24 |       ||    24
       Ring mail         |       |     8 ||     8
Dodge: Dodged            |    63 |    12 ||    75
Block: Shield            |    11 |    15 ||    26

Table legend:
 A = Non-vault XP
 B = Vault XP
 C = Vault XP percentage of total XP
 D = Non-vault monster count
 E = Vault monster count
 F = Vault count percentage of total count
                 A         B        C        D         E       F
            +---------+---------+-------+---------+---------+-------
      Total |     225 |     117 |  34.2 |      69 |       3 |   4.2
            +---------+---------+-------+---------+---------+-------
        D:1 |      60 |       0 |   0.0 |      32 |       0 |   0.0
        D:2 |      46 |       0 |   0.0 |      20 |       0 |   0.0
        D:3 |     119 |     117 |  49.6 |      17 |       3 |  15.0
            +---------+---------+-------+---------+---------+-------
